 Dungeon Crawl Stone Soup version 0.28.0-53-g5a82cb258f (webtiles) character file.

Game seed: 16741504880288026330

93 bnorton916 the Magician (level 4, -6/24 HPs)
             Began as a Deep Elf Fire Elementalist on June 4, 2022.
             Mangled by an orc
             ... wielding a +0 war axe
              (10 damage)
             ... on level 3 of the Dungeon.
             The game lasted 00:02:22 (2410 turns).

bnorton916 the Magician (DEFE)                      Turns: 2410, Time: 00:02:23

Health: -6/24      AC:  4    Str:  5    XL:     4   Next: 36%
Magic:  0/12       EV: 12    Int: 22    God:
Gold:   73         SH:  0    Dex: 15    Spells: 8/11 levels left

rFire   . . .      SeeInvis .   (no weapon)
rCold   . . .      Faith    .   (no shield)
rNeg    . . .      Spirit   .   a - +0 robe
rPois   .          Reflect  .   (no helmet)
rElec   .          Harm     .   m - +0 cloak
rCorr   .          Rampage  .   o - +0 pair of gloves
Will    .....                   (no boots)
Stlth   ++........              (no amulet)
HPRegen 0.08/turn               (no ring)
MPRegen 0.13/turn               (no ring)

@: no status effects
A: no striking features
a: no special abilities


You were on level 3 of the Dungeon.
You visited 1 branch of the dungeon, and saw 3 of its levels.

You collected 73 gold pieces.

Inventory:

Hand Weapons
 k - a +1 dagger of venom
Missiles
 b - 75 stones
 c - 5 curare-tipped darts (quivered)
 n - 2 poisoned darts
Armour
 a - a +0 robe (worn)
 m - a +0 cloak (worn)
 o - a +0 pair of gloves (worn)
Scrolls
 d - a scroll of identify {unknown}
 f - a scroll of enchant weapon {unknown}
 g - 2 scrolls of teleportation {unknown}
 h - a scroll of immolation {unknown}
Potions
 e - a potion of might {unknown}
 i - a potion of berserk rage {unknown}
 j - 2 potions of brilliance {unknown}
 l - a potion of degeneration {unknown}


   Skills:
 - Level 2.4 Dodging
 - Level 2.4 Stealth
 + Level 4.4 Spellcasting
 + Level 2.8 Conjurations
 + Level 4.2 Fire Magic


You had 8 spell levels left.
You knew the following spells:

 Your Spells              Type           Power      Damage    Failure   Level
a - Foxfire               Conj/Fire      80%        2x1d8     2%          1
b - Scorch                Fire           46%        2d7       2%          2

Your spell library contained the following spells:

 Spells                   Type           Power      Damage    Failure   Level
 Conjure Flame            Conj/Fire      20%        6-21      8%          3
 Inner Flame              Hex/Fire       14%        N/A       14%         3
 Ensorcelled Hibernation  Hex/Ice        8%         N/A       16%         2
 Flame Wave               Conj/Fire      20%        2d7       26%         4
 Spider Form              Tmut/Pois      4%         N/A       32%         3
 Anguish                  Hex/Necr       2%         N/A       71%         4


Dungeon Overview and Level Annotations

Branches:
Dungeon (3/15)

Altars:

Shops:
D:1 :*[*

Annotations:
D:1 1 runed translucent door


Message History

The foxfire hits the orc.
The orc is moderately wounded.
Casting: Foxfire (safe; 2% risk of failure)
Confirm with . or Enter, or press ? or * to list all spells.
You conjure some foxfire!
An orc comes into view. It is wielding a +0 war axe.
The orc hits you but does no damage.
The foxfire hits the orc but does no damage.
The orc is moderately wounded.
The foxfire hits the orc.
The orc is heavily wounded.
The orc barely misses you.
Casting: Foxfire (safe; 2% risk of failure)
Confirm with . or Enter, or press ? or * to list all spells.
Flames lash the orc but do no damage.
The orc hits you but does no damage. The orc closely misses you.
Casting: Scorch (safe; 2% risk of failure)
Confirm with . or Enter, or press ? or * to list all spells.
Flames lash the orc.
The orc is severely wounded.
The orc's fire resistance burns away.
The orc hits you with a +0 flail. The orc hits you with a +0 flail.
Casting: Scorch (safe; 2% risk of failure)
Confirm with . or Enter, or press ? or * to list all spells.
You conjure some foxfire!
The orc hits you with a +0 flail! The orc barely misses you.
The orc is no longer more vulnerable to fire.
The foxfire hits the orc but does no damage.
The orc is severely wounded.
The foxfire hits the orc but does no damage.
The orc is severely wounded.
The orc hits you with a +0 flail.
* * * LOW HITPOINT WARNING * * *
The orc hits you but does no damage.
Casting: Foxfire (safe; 2% risk of failure)
Confirm with . or Enter, or press ? or * to list all spells.
Flames lash the orc.
You kill the orc!
The orc hits you with a +0 war axe!
You die...

#..# .#
#.#..##.##.##
#.#.........
#.#).##.##.# .#
#.#).##.##.##.#
##.....#.......
#..........#)# #
##.....)...#.##.#
#.@o.....).......
#.#.............#
#.......>†....###
##.........####
#............#
#.........##.#
#.........#.#####.
#.##..###.........
#. #..# #...#####.


You could see an orc.

Vanquished Creatures
  3 adders
  A worm (D:2)
  2 dart slugs
  4 orcs (D:3)
  7 endoplasms
  3 giant cockroaches
  6 goblins
  4 hobgoblins
  2 quokkas (D:2)
  4 ball pythons
  7 bats
  6 frilled lizards
  2 kobolds
  2 rats (D:2)
53 creatures vanquished.

Vanquished Creatures (others)
  242 foxfires
242 creatures vanquished.

Grand Total: 295 creatures vanquished

Notes
Turn   | Place    | Note
-------+----------+-------------------------------------------
     0 | D:1      | bnorton916 the Deep Elf Fire Elementalist began the quest
                  | for the Orb.
     0 | D:1      | Reached XP level 1. HP: 10/10 MP: 6/6
     1 | D:1      | Found a runed translucent door.
    90 | D:1      | Found Tyly's General Store.
   241 | D:1      | Found Mymnusoe's Antique Armour Emporium.
   372 | D:1      | Reached XP level 2. HP: 15/15 MP: 5/8
   543 | D:1      | Found Xaojecw's Book Emporium.
   997 | D:1      | Found a faded altar of an unknown god.
  1019 | D:1      | Found Onirch's General Store.
  1039 | D:1      | Reached XP level 3. HP: 18/19 MP: 5/10
  1233 | D:2      | Learned a level 2 spell: Scorch
  2094 | D:2      | Reached XP level 4. HP: 24/24 MP: 9/12
  2410 | D:3      | Mangled by an orc

Illustrated notes

Levels and vault maps discovered:
D:1:      dpeg_arrival_caged_fury, layout_basic,
          chequers_ecumenical_altar_grove, serial_shops, shop, shop,
          nicolae_shop_window_shopping, shop_fountains
D:2:      layout_loops_ring
D:3:      minmay_general_purpose_star, layout_loops_ring, serial_glass,
          glass_columns_a, glass_columns_a, glass_columns_c, glass_columns_a,
          lexackson_kobold_supper

Skill      XL: |  1  2  3 |
---------------+----------+-----
Conjurations   | 2 |  2.8
Spellcasting   | 4 |  4.4
Fire Magic     | 4 |  4.2
Dodging        | |  2.4
Stealth        | |  2.4

Action                   |  1- 3 |  4- 6 || total
-------------------------+-------+-------++-------
 Cast: Foxfire           |   119 |    22 ||   141
       Scorch            |     2 |     4 ||     6
Armor: Robe              |     1 |     7 ||     8
Dodge: Dodged            |    12 |     9 ||    21
